 Dungeon Crawl Stone Soup version 0.19-a0-1008-g4c63d25 (webtiles) character file.

186 Implojin the Ruffian (level 5, -2/50 HPs)
             Began as a Troll Monk on July 21, 2016.
             Was a Believer of Okawaru.
             Slain by Wuag's ghost (10 damage)
             ... on level 6 of the Dungeon.
             The game lasted 00:02:32 (367 turns).

Implojin the Ruffian (Troll Monk)                    Turns: 367, Time: 00:02:33

Health: -2/50      AC:  5    Str: 19    XL:     5   Next: 38%
Magic:  1/4        EV: 14    Int:  6    God:    Okawaru [**....]
Gold:   15         SH:  0    Dex: 13    Spells: 0 memorised, 4 levels left

rFire  . . .     SeeInvis .       - Unarmed
rCold  . . .     Gourm    +     a - +0 robe
rNeg   . . .     Faith    .     (no shield)
rPois  .         Spirit   .     (helmet restricted)
rElec  .         Dismiss  .     (no cloak)
rCorr  .         Reflect  .     (gloves unavailable)
SustAt .         Harm     .     (boots unavailable)
MR     .....                    (no amulet)
Stlth  ++........               (no ring)
                                f - ring of flight

@: heroism, not resistant to hostile enchantments, unstealthy
A: unfitting armour, claws 3, fast metabolism 3, gourmand, regeneration 2,
shaggy fur 1, tough skin 2
a: Heroism, Renounce Religion, Evoke Flight


You were on level 6 of the Dungeon.
You worshipped Okawaru.
Okawaru was pleased with you.
You were not hungry.

You visited 2 branches of the dungeon, and saw 7 of its levels.

You collected 15 gold pieces.

Inventory:

Armour
 a - a +0 robe (worn)
Jewellery
 f - a ring of flight (left claw)
Scrolls
 c - a scroll of remove curse
 h - a scroll of teleportation
 i - a scroll of immolation
 j - a scroll of recharging
 k - a scroll of enchant armour {unknown}
Comestibles
 b - 3 bread rations
 d - 4 fruits
 g - a meat ration
 l - a chunk of flesh


   Skills:
 - Level 2.4(7.4) Fighting
 - Level 2.4(7.4) Dodging
 - Level 1.1(6.1) Stealth
 * Level 6.1(11.1) Unarmed Combat


You had 4 spell levels left.
You didn't know any spells.

Dungeon Overview and Level Annotations

Branches:
Dungeon (6/15)             Temple (1/1) D:5

Altars:
Ashenzari
Cheibriados
Gozag
Okawaru
Pakellas
Ru
Trog
Vehumet

Annotations:
D:4 Implojin's ghost, amateur MiFi
D:6 Wuag's ghost, novice DrTm


Innate Abilities, Weirdness & Mutations

You are too large for most types of armour.
You have claws for hands.
Your metabolism is lightning-fast.
You like to eat raw meat.
You heal very quickly.
You are covered in fur. (AC +1)
You have very tough skin. (AC +2)


Message History

You fail to use your ability.
Wuag's ghost barely misses you.
You gain the combat prowess of a mighty hero.
Wuag's ghost hits you but does no damage.
Unknown command.
Unknown command.
You closely miss Wuag's ghost. You closely miss Wuag's ghost.
You claw Wuag's ghost.
Wuag's ghost is lightly damaged.
Wuag's ghost closely misses you.
You claw Wuag's ghost!
Wuag's ghost is lightly damaged.
Wuag's ghost closely misses you.
You barely miss Wuag's ghost.
Wuag's ghost is lightly damaged.
Wuag's ghost hits you.
You scratch Wuag's ghost but do no damage.
Wuag's ghost is lightly damaged.
Wuag's ghost hits you.
You scratch Wuag's ghost.
Wuag's ghost is moderately damaged.
You barely miss Wuag's ghost.
Wuag's ghost is moderately damaged.
Wuag's ghost hits you!
* * * LOW HITPOINT WARNING * * *
Unknown command.
Unknown command.
You barely miss Wuag's ghost.
Wuag's ghost is moderately damaged.
Wuag's ghost hits you!
* * * LOW HITPOINT WARNING * * *
Unknown command.
You scratch Wuag's ghost but do no damage.
Wuag's ghost is moderately damaged.
Wuag's ghost hits you!
* * * LOW HITPOINT WARNING * * *
Unknown command.
You scratch Wuag's ghost.
Wuag's ghost is moderately damaged.
Wuag's ghost hits you!
You die...

### #..
#.###########
...####............
......W@...........
...####..#.........
#..#.######..
#..#.# #..#.#
#..#.# #..#<#
#..###


You could see Wuag's ghost.

Vanquished Creatures
  A sky beast (D:5)
  An ogre (D:4)
  2 giant geckos
  A goblin (D:3)
  A hobgoblin (D:2)
  2 jackals (D:2)
  2 giant newts
  2 kobolds
  2 rats (D:2)
14 creatures vanquished.

Notes
Turn   | Place    | Note
-------+----------+-------------------------------------------
     0 | D:1      | Implojin the Troll Monk began the quest for the Orb.
     0 | D:1      | Reached XP level 1. HP: 22/22 MP: 0/0
   208 | D:3      | Reached XP level 2. HP: 29/29 MP: 1/1
   224 | D:4      | Noticed an ogre
   224 | D:4      | Noticed Implojin's ghost (amateur MiFi)
   248 | D:4      | Killed an ogre
   248 | D:4      | Reached skill level 5 in Unarmed Combat
   248 | D:4      | Reached XP level 3. HP: 11/36 MP: 2/2
   248 | D:4      | Reached XP level 4. HP: 13/44 MP: 3/3
   259 | D:5      | Entered Level 5 of the Dungeon
   267 | D:5      | Found a staircase to the Ecumenical Temple.
   274 | D:5      | Noticed a sky beast
   277 | Temple   | Entered the Ecumenical Temple
   304 | Temple   | Became a worshipper of Warmaster Okawaru
   304 | Temple   | Reached * piety under Okawaru
   304 | Temple   | Reached ** piety under Okawaru
   338 | D:5      | Killed a sky beast
   338 | D:5      | Reached skill level 6 in Unarmed Combat
   338 | D:5      | Reached XP level 5. HP: 33/50 MP: 1/4
   350 | D:6      | Noticed Wuag's ghost (novice DrTm)
   367 | D:6      | Slain by Wuag's ghost

Vault maps used:
D:1:      dpeg_arrival_snail
D:2:      kennysheep_pointless_box
D:3:      uniq_crazy_yiuf_cottage
D:4:      first_bread, portal_sewer_entry_f, nicolae_ossuary_entry_monument,
          grunt_ministairs_9, serial_park_tiny_pond
D:5:      solitary_fountain, uniq_pikel, uniq_duvessa
Temple:   regret_index_temple_sigil_plot

Skill      XL: |  1  2  3  4 |
---------------+-------------+-----
Unarmed Combat | 5 6 |  6.1
Fighting       | |  2.4
Dodging        | |  2.4
Stealth        | |  1.1

Action                   |  1- 3 |  4- 6 || total
-------------------------+-------+-------++-------
Melee: Unarmed           |    26 |    16 ||    42
       Punch             |       |     1 ||     1
Invok: Heroism           |       |     2 ||     2
  Use: Scroll            |     3 |     1 ||     4
       Potion            |     1 |       ||     1
Armor: Robe              |    11 |     4 ||    15
Dodge: Dodged            |    18 |     6 ||    24

Table legend:
 A = Turns spent in this place as a percentage of turns spent in the entire game.
 B = Non-inter-level travel turns spent in this place as a percentage of non-inter-level travel turns spent in the entire game.
 C = Inter-level travel turns spent in this place as a percentage of turns spent in this place.
 D = Turns resting spent in this place as a percentage of non-inter-level travel turns spent in this place.
 E = Turns spent auto-exploring this place as a percentage of non-inter-level travel turns spent in this place.
 F = Non-inter-level travel turns spent in this place divided by the number of levels of this place that you've seen.
                   A       B       C       D       E      F
               +-------+-------+-------+-------+-------+----------------------
         Total | 100.0 | 100.0 |   0.0 |   0.0 |   0.0 |  54.7
       Dungeon |  86.2 |  86.2 |   0.0 |   0.0 |   0.0 |  55.0
        Temple |  13.8 |  13.8 |   0.0 |   0.0 |   0.0 |  53.0
               +-------+-------+-------+-------+-------+----------------------

Table legend:
 A = Kills in this place as a percentage of kills in entire the game.
 B = Kills by you in this place as a percentage of kills by you in the entire game.
 C = Kills by friends in this place as a percentage of kills by friends in the entire game.
 D = Other kills in this place as a percentage of other kills in the entire game.
 E = Experience gained in this place as a percentage of experience gained in the entire game.
 F = Experience gained in this place divided by the number of levels of this place that you have seen.
                   A       B       C       D       E      F
               +-------+-------+-------+-------+-------+----------------------
         Total | 100.0 | 100.0 |  -nan |  -nan | 100.0 |  38.1
       Dungeon |  92.9 |  92.9 |  -nan |  -nan |  98.9 |  44.0
        Temple |   7.1 |   7.1 |  -nan |  -nan |   1.1 |   3.0
               +-------+-------+-------+-------+-------+----------------------
